 Dungeon Crawl Stone Soup version 0.31-a0-1308-ga3cce3a448 (webtiles) character file.

Game seed: 12759674355137513110

874 Fodor the Chopper (level 7, -2/62 HPs)
             Began as a Minotaur Fighter on Dec 18, 2023.
             Slain by a gnoll
             ... wielding a +0 spear
             ... led by a gnoll sergeant
              (3 damage)
             ... on level 5 of the Dungeon on Dec 19, 2023.
             The game lasted 00:22:04 (3836 turns).

Fodor the Chopper (Minotaur Fighter)                Turns: 3836, Time: 00:22:06

Health: -2/62      AC:  7    Str: 22    XL:     7   Next: 74%
Magic:  6/6        EV:  6    Int:  5    God:
Gold:   208        SH:  4    Dex: 10    Spells: 6/6 levels left

rFire   . . .        a - +0 war axe
rCold   + . .        c - +0 buckler
rNeg    . . .        b - +0 plate armour
rPois   .            (helmet restricted)
rElec   .            (no cloak)
rCorr   .            (no gloves)
SInv    +            (no boots)
Will    .....        (no amulet) Stlth
                     s - ring of protection from cold
HPRegen 0.30/turn    h - ring of see invisible
MPRegen 0.10/turn

%: no passive effects
@: no status effects
A: horns 2, retaliatory headbutt, deformed body, subdued magic 1
a: no special abilities


You were on level 5 of the Dungeon.
You visited 2 branches of the dungeon, and saw 6 of its levels.
You also visited: Sewer.

You collected 208 gold pieces.

Inventory:

Hand Weapons
 a - a +0 war axe (weapon)
Missiles
 o - 8 boomerangs (quivered)
Armour
 b - a +0 plate armour (worn)
 c - a +0 buckler (worn)
Jewellery
 h - a ring of see invisible (right hand)
 s - a ring of protection from cold (left hand)
Talismans
 v - a flux talisman
 w - a serpent talisman
Scrolls
 f - 4 scrolls of identify {unknown}
 g - 2 scrolls of revelation {unknown}
 i - a scroll of poison {unknown}
 k - a scroll of blinking {unknown}
 l - 2 scrolls of teleportation {unknown}
 m - a scroll of fog {unknown}
 n - a scroll of enchant weapon {unknown}
 q - a scroll of amnesia {unknown}
 r - a scroll of fear {unknown}
 t - a scroll of torment {unknown}
Potions
 d - a potion of might
 e - 2 potions of enlightenment
 j - a potion of attraction
 p - a potion of resistance {unknown}
 u - a potion of mutation


   Skills:
 + Level 5.6 Fighting
 + Level 7.7 Axes
 + Level 0.2 Throwing
 + Level 5.7 Armour
 + Level 2.0 Dodging
 + Level 0.1 Stealth
 + Level 4.8 Shields


You had 6 spell levels left.
You didn't know any spells.
Your spell library contained the following spells:

 Spells                   Type           Power      Damage    Failure   Level
 Magic Dart               Conj           0%         1d3       100%        1
 Searing Ray              Conj           0%         2d4       100%        2
 Ozocubu's Armour         Ice            0%         N/A       100%        3
 Fulminant Prism          Conj/Hex       0%         3d5       100%        4
 Metabolic Englaciation   Hex/Ice        0%         N/A       100%        5
 Simulacrum               Ice/Necr       0%         N/A       100%        6


Dungeon Overview and Level Annotations

Branches:
Dungeon (5/15)             Temple (1/1) D:4           Sewer (visited)

Altars:
Ashenzari
Cheibriados
Dithmenos
Elyvilon
Fedhas
Hepliaklqana
Kikubaaqudgha
Makhleb
Nemelex Xobeh
Okawaru
Qazlal
Ru
Sif Muna
Trog
Uskayaw
Wu Jian
Xom
Zin
The Shining One

Shops:
D:5 *

Annotations:
Temple 2 transporters


Innate Abilities, Weirdness & Mutations

You have a pair of horns on your head.
You reflexively headbutt those who attack you in melee.
Armour fits poorly on your strangely shaped body.
Your spells are a little easier to cast, but a little less powerful.


Message History

The gnoll sergeant is heavily wounded.
You block the gnoll sergeant's attack.
The gnoll hits you from afar with a +0 spear.
You slash the gnoll sergeant!
You headbutt the gnoll sergeant, but do no damage.
The gnoll sergeant is severely wounded.
The gnoll sergeant hits you with a +0 spear.
You block the gnoll's attack.
A gnoll comes into view. It is wielding a +0 halberd.
You closely miss the gnoll sergeant.
The gnoll sergeant is severely wounded.
The gnoll sergeant hits you but does no damage.
The gnoll hits you from afar with a +0 spear.
The gnoll sergeant hits you but does no damage.
You hit the gnoll sergeant.
The gnoll sergeant is severely wounded.
You block the gnoll's attack. The gnoll sergeant barely misses you.
The gnoll hits you from afar with a +0 spear.
* * * LOW HITPOINT WARNING * * *
You barely miss the gnoll sergeant.
The gnoll sergeant is severely wounded.
A hound comes into view.
The gnoll sergeant hits you but does no damage.
The gnoll hits you from afar with a +0 spear.
* * * LOW HITPOINT WARNING * * *
The hound barks!
The hound bites you.
* * * LOW HITPOINT WARNING * * *
The gnoll sergeant hits you from afar with a +0 spear.
* * * LOW HITPOINT WARNING * * *
You block the hound's attack. The hound bites you but does no damage.
You hit the hound.
The hound is lightly wounded.
You block the hound's attack.
The gnoll sergeant hits you from afar with a +0 spear!
* * * LOW HITPOINT WARNING * * *
You block the hound's attack.
The gnoll hits you from afar with a +0 spear.
You die...

.#.###.#.#
..........#
.##.........#
..?........#
#... g....# #g!
g...
.#####.###h#
.......gg.@#
#####..g#####.
##......... #.#
..# #..#####.#
#.. #.# #..# .#
#.# #.# #..# .#
>.. #.# #.[# .#
#.# #.# #..##
#.# ..#( #.#
#.#
#...####.###...
.


You could see a gnoll sergeant, a hound and 4 gnolls.

Vanquished Creatures
  Grinder (D:4)
  A black bear (D:5)
  A crocodile (Sewer)
  A brain worm (Sewer)
  A scorpion (D:4)
  2 hounds
  An orc priest (D:4)
  An iguana (D:4)
  4 orc wizards (D:3)
  4 adders
  A gnoll (D:5)
  3 worms
  3 dart slugs
  8 orcs
  9 ball pythons
  8 endoplasms
  4 giant cockroaches
  7 goblins
  8 hobgoblins
  3 jackals (D:4)
  3 kobolds
  3 quokkas
  15 bats
  8 frilled lizards
  5 rats
105 creatures vanquished.

Notes
Turn   | Place    | Note
-------+----------+-------------------------------------------
     0 | D:1      | Fodor the Minotaur Fighter began the quest for the Orb.
     0 | D:1      | Reached XP level 1. HP: 19/19 MP: 0/0
   359 | D:1      | Reached XP level 2. HP: 25/27 MP: 1/1
  1090 | D:2      | Reached XP level 3. HP: 33/33 MP: 2/2
  1443 | D:3      | Reached skill level 3 in Axes
  1443 | D:3      | Reached XP level 4. HP: 16/41 MP: 3/3
  1602 | D:3      | Found a glowing drain.
  1615 | Sewer    | Entered a sewer
  1632 | Sewer    | Noticed a brain worm
  1640 | Sewer    | Killed a brain worm
  1641 | Sewer    | Reached skill level 4 in Axes
  1641 | Sewer    | Reached XP level 5. HP: 42/47 MP: 2/4
  1660 | Sewer    | Noticed a crocodile
  1666 | Sewer    | Killed a crocodile
  1667 | Sewer    | Reached skill level 5 in Fighting
  1667 | Sewer    | Reached skill level 5 in Axes
  1667 | Sewer    | Reached skill level 1 in Dodging
  1667 | Sewer    | Reached XP level 6. HP: 31/56 MP: 5/5
  2657 | D:4      | Noticed Grinder
  2685 | D:4      | Gained mutation: Armour fits poorly on your strangely
                  | shaped body. [potion of mutation]
  2685 | D:4      | Gained mutation: Your spells are a little easier to cast,
                  | but a little less powerful. [potion of mutation]
  2695 | D:4      | Killed Grinder
  2696 | D:4      | Reached skill level 6 in Axes
  2696 | D:4      | Reached skill level 5 in Armour
  2696 | D:4      | Reached XP level 7. HP: 9/61 MP: 6/6
  2766 | D:4      | Found a staircase to the Ecumenical Temple.
  2778 | Temple   | Found a transporter.
  2778 | Temple   | Found a transporter.
  2778 | Temple   | Found a transporter.
  2778 | Temple   | Found a transporter.
  2778 | Temple   | Entered the Ecumenical Temple
  2932 | D:4      | Reached skill level 7 in Axes
  3120 | D:4      | Upgraded the game from 0.31-a0-1278-g11c5b68f87 to
                  | 0.31-a0-1308-ga3cce3a448
  3573 | D:5      | Entered Level 5 of the Dungeon
  3575 | D:5      | Found Vumeibrucy's Assorted Antiques.
  3836 | D:5      | HP: 1/62 [gnoll sergeant/+0 spear (11)]
  3836 | D:5      | Slain by a gnoll

Illustrated notes

Levels and vault maps discovered:
D:1:      ncdulo_watergridlock, layout_loops_corners, nrook_uturn
D:2:      layout_basic
D:3:      layout_basic, mainiacjoe_sewer_entry_somewhere_in_here_2,
          nicolae_concentric_dashed_squares_wild, minmay_circle_x
D:4:      layout_cave_pods, minmay_temple_entry_overgrown,
          minmay_misc_feat_secret_circle, uniq_grinder
D:5:      layout_loops_ring, serial_shops, nicolae_stop_n_shop_2,
          minmay_misc_feat_encased, minivault_1, uniq_prince_ribbit1,
          uniq_eustachio
Temple:   hellmonk_temple_divided_pantheon

Skill      XL: |  1  2  3  4  5  6  7 |
---------------+----------------------+-----
Fighting       | 4 5 |  5.6
Armour         | 4 5 |  5.7
Shields        | 4 |  4.8
Axes           | 3 4 5 6 7 |  7.7
Dodging        | 1 2 |  2.0
Throwing       | |  0.2
Stealth        | |  0.1

Action                     |  1- 3 |  4- 6 |  7- 9 || total
---------------------------+-------+-------+-------++-------
  Melee: War axe           |    56 |   101 |    64 ||   221
         Headbutt          |     5 |     8 |    11 ||    24
  Throw: Boomerang         |       |     2 |       ||     2
    Use: Potion            |       |     6 |       ||     6
 Armour: Scale mail        |    53 |    43 |       ||    96
         Plate armour      |       |    64 |    86 ||   150
  Dodge: Dodged            |    37 |    37 |    16 ||    90
  Block: Buckler           |    20 |    26 |    18 ||    64

Table legend: (Time is in decaauts)
 A = Elapsed time spent in this place.
 B = Non-inter-level travel time spent in this place.
 C = Inter-level travel time spent in this place.
 D = Time resting spent in this place.
 E = Time spent auto-exploring this place.
 F = Levels seen in this place.
 G = Mean time per level.
                   A        B        C        D        E       F      G
               +--------+--------+--------+--------+--------+-----+--------+
         Total |   3901 |   3584 |    317 |    164 |      0 |   7 |  557.3 |
       Dungeon |   3740 |   3423 |    317 |    147 |      0 |   5 |  748.0 |
        Temple |     43 |     43 |      0 |      0 |      0 |   1 |   43.0 |
         Sewer |    118 |    118 |      0 |     17 |      0 |   1 |  118.0 |
               +--------+--------+--------+--------+--------+-----+--------+

Top non-repeatable levels by time:
     D:3: 1024 daAuts
     D:1: 955 daAuts
     D:4: 936 daAuts
     D:2: 558 daAuts
     D:5: 265 daAuts
   Sewer: 118 daAuts
  Temple: 43 daAuts
